 Dungeon Crawl Stone Soup version 0.30-a0-948-g4fa250aae5 (webtiles) character file.

Game seed: 15521063716215522482

1617 billz999 the Grappler (level 8, -1/70 HPs)
             Began as a Troll Hunter on Mar 26, 2023.
             Was a Follower of Makhleb.
             Constricted to death by a gnoll (6 damage)
             ... on level 7 of the Dungeon.
             The game lasted 00:10:01 (4254 turns).

billz999 the Grappler (Troll Hunter)                Turns: 4254, Time: 00:10:02

Health: -1/70      AC:  7    Str: 22    XL:     8   Next: 64%
Magic:  7/7        EV:  7    Int:  5    God:    Makhleb [*.....]
Gold:   190        SH:  0    Dex: 13    Spells: 7/7 levels left

rFire   . . .      SeeInvis .      - Unarmed
rCold   . . .      Faith    +    (no shield)
rNeg    . . .      Spirit   .    c - +0 robe
rPois   .          Reflect  .    (helmet restricted)
rElec   .          Rampage  .    g - +2 cloak
rCorr   .                        (gloves unavailable)
Will    .....                    (boots unavailable)
Stlth   +                        C - amulet of faith
HPRegen 1.11/turn                (no ring)
MPRegen 0.10/turn                (no ring)

@: grasped by roots, constricted
A: large, unfitting armour, claws 3, regeneration 1, shaggy fur 1, tough skin 1
a: Renounce Religion


You were on level 7 of the Dungeon.
You worshipped Makhleb.
Makhleb was aware of your devotion.
You visited 2 branches of the dungeon, and saw 8 of its levels.

You collected 310 gold pieces.
You spent 120 gold pieces at shops.

Inventory:

Hand Weapons
 a - a +0 shortbow
Armour
 c - a +0 robe (worn)
 g - a +2 cloak (worn)
 x - a +0 tower shield
Magical Staves
 p - a staff of conjuration
Jewellery
 l - an amulet of magic regeneration
 w - an amulet of regeneration
 C - an amulet of faith (around neck)
 E - a ring of protection from cold
Wands
 z - a wand of paralysis (8)
 B - a wand of light (9)
Scrolls
 b - 4 scrolls of immolation
 k - a scroll of magic mapping
 s - 3 scrolls of vulnerability
 y - a scroll of fog {unknown}
 A - a scroll of noise {unknown}
 D - a scroll of identify
Potions
 d - 2 potions of ambrosia {unknown}
 e - 3 potions of curing
 f - 2 potions of brilliance {unknown}
 i - a potion of lignification {unknown}
 j - 2 potions of heal wounds {unknown}
 n - 2 potions of degeneration {unknown}
 o - 3 potions of mutation {unknown}
 q - a potion of berserk rage {unknown}
 r - a potion of magic {unknown}
 t - 2 potions of might {unknown}
 u - a potion of invisibility {unknown}
 v - a potion of attraction {unknown}


   Skills:
 - Level 1.6 Fighting
 - Level 2.7 Ranged Weapons
 - Level 1.5 Dodging
 - Level 0.3 Stealth
 + Level 10.9 Unarmed Combat


You had 7 spell levels left.
You didn't know any spells.
Your spell library contained the following spells:

 Spells                   Type           Power      Damage    Failure   Level
 Magic Dart               Conj           0%         1d3       47%         1
 Call Imp                 Summ           0%         N/A       63%         2
 Mephitic Cloud           Conj/Pois/Air  0%         N/A       85%         3
 Ozocubu's Armour         Ice            0%         N/A       85%         3
 Tukima's Dance           Hex            0%         N/A       85%         3
 Passage of Golubria      Tloc           0%         N/A       99%         4
 Yara's Violent Unravell  Hex/Tmut       0%         3d3       100%        5
 Ozocubu's Refrigeration  Ice            0%         4d7       100%        7


Dungeon Overview and Level Annotations

Branches:
Dungeon (7/15)             Temple (1/1) D:4

Altars:
Ashenzari
Dithmenos
Elyvilon
Fedhas
Gozag
Kikubaaqudgha
Makhleb
Nemelex Xobeh
Okawaru
Qazlal
Ru
Sif Muna
Trog
Vehumet
Wu Jian
Xom
Yredelemnul
The Shining One

Shops:
D:4 [


Innate Abilities, Weirdness & Mutations

You are too large for most types of armour.
You have claws for hands.
Your natural rate of healing is unusually fast.
You are covered in fur. (AC +1)
You have tough skin. (AC +1)


Message History

* * * LOW HITPOINT WARNING * * *
You claw the gnoll!
The gnoll is almost dead.
The hound bites you but does no damage. The gnoll misses you.
You scratch the gnoll but do no damage.
The gnoll is almost dead.
The hound bites you but does no damage.
You closely miss the gnoll. Your claw misses the gnoll.
The gnoll is almost dead.
The hound barely misses you. The gnoll hits you with a +0 whip!
* * * LOW HITPOINT WARNING * * *
The hound bites you.
* * * LOW HITPOINT WARNING * * *
It was a potion of curing.
You feel better. The gnoll hits you with a +0 whip.
* * * LOW HITPOINT WARNING * * *
The hound bites you but does no damage.
Unknown command.
You barely miss the gnoll.
The gnoll is almost dead.
The hound bites you but does no damage. The gnoll hits you but does no damage.
You scratch the gnoll but do no damage.
The gnoll is almost dead.
The hound bites you.
* * * LOW HITPOINT WARNING * * *
The gnoll closely misses you. The hound bites you but does no damage.
Unknown command.
Okay, then.
Okay, then.
The hound attacks as you move away! The hound closely misses you.
The gnoll attacks as you move away! The gnoll hits you with a +0 whip.
* * * LOW HITPOINT WARNING * * *
The black bear bites you but does no damage.
The black bear claws you but does no damage.
The black bear misses you. The hound barely misses you.
The gnoll zaps a wand.
The roots erupt in riotous growth!
The hound is unaffected.
The black bear is unaffected.
The gnoll is unaffected.
The grasping roots grab you! The grasping roots constrict you.
You die...

..###. .... ... .##..
..........##.... ..#..
......#........### .....
#....#..$....... .##.#
.............. ##..#
...#....... #....
###.#......### #.#####...
..#.....##.....##.......#...
#........###@)!......#......#
#.........g.hh....###.###.#..#
#.........##g.g....#...## #...
#........####.....##...####..#
........## ##..........##...#
........# ...........#....
......... ..............†.
...##. .##......h....). .#
####......g.....


You could see a black bear, a hound and 3 gnolls.

Vanquished Creatures
  A water moccasin (D:7)
  An ice beast (D:6)
  2 black bears
  An ogre (D:6)
  A centaur (D:5)
  A phantom (D:5)
  A bullfrog (D:5)
  3 scorpions
  4 wights
  An electric eel (D:6)
  A jelly (D:5)
  A hound (D:4)
  An orc priest (D:5)
  6 iguanas
  2 orc wizards
  3 gnolls (D:7)
  5 adders
  A shadow imp (D:6)
  3 white imps
  2 ufetubi
  3 worms
  3 dart slugs
  14 orcs
  9 ball pythons
  5 endoplasms
  5 giant cockroaches
  7 hobgoblins
  A jackal (D:7)
  4 quokkas
  4 bats
  4 frilled lizards
  5 goblins
  6 kobolds
  4 rats
115 creatures vanquished.

Notes
Turn   | Place    | Note
-------+----------+-------------------------------------------
     0 | D:1      | billz999 the Troll Hunter began the quest for the Orb.
     0 | D:1      | Reached XP level 1. HP: 19/19 MP: 0/0
   101 | D:1      | Reached skill level 1 in Unarmed Combat
   109 | D:1      | Reached XP level 2. HP: 27/27 MP: 1/1
   299 | D:1      | Reached skill level 2 in Unarmed Combat
   619 | D:2      | Reached XP level 3. HP: 33/33 MP: 2/2
  1256 | D:3      | Reached skill level 3 in Unarmed Combat
  1485 | D:3      | Reached XP level 4. HP: 38/41 MP: 3/3
  1933 | D:4      | Found a staircase to the Ecumenical Temple.
  1943 | Temple   | Entered the Ecumenical Temple
  2154 | Temple   | Became a worshipper of Makhleb the Destroyer
  2191 | D:4      | Found Hasongur's Antique Armour Shoppe.
  2204 | D:4      | Bought a runed cloak for 120 gold pieces
  2265 | D:4      | Reached skill level 4 in Unarmed Combat
  2537 | D:4      | Reached XP level 5. HP: 39/48 MP: 4/4
  2742 | D:5      | Entered Level 5 of the Dungeon
  2758 | D:5      | Reached skill level 5 in Unarmed Combat
  2855 | D:5      | Reached XP level 6. HP: 45/55 MP: 5/5
  2915 | D:5      | Reached skill level 6 in Unarmed Combat
  2961 | D:5      | Reached * piety under Makhleb
  2966 | D:5      | Found an ancient bone altar of Kikubaaqudgha.
  3075 | D:5      | Found a blossoming altar of Fedhas.
  3099 | D:4      | Reached skill level 7 in Unarmed Combat
  3101 | D:4      | Reached XP level 7. HP: 61/62 MP: 6/6
  3229 | D:5      | Reached skill level 8 in Unarmed Combat
  3605 | D:5      | Reached skill level 9 in Unarmed Combat
  3609 | D:5      | Reached XP level 8. HP: 63/70 MP: 7/7
  3684 | D:6      | Reached skill level 10 in Unarmed Combat
  4093 | D:6      | Found a sacrificial altar of Ru.
  4253 | D:7      | HP: 2/70 [gnoll/+0 whip (2)]
  4254 | D:7      | Constricted to death by a gnoll

Illustrated notes

Levels and vault maps discovered:
D:1:      lightli_arrival_farm, layout_loops_ring
D:2:      layout_basic
D:3:      layout_basic, minivault_4
D:4:      layout_basic, minmay_temple_entry_butterflies, serial_shops,
          shop_statue
D:5:      layout_basic, mainiacjoe_overflow_boulevard,
          fedhas_bush_and_centaur_altar, minmay_misc_feat_cross,
          grunt_ministairs_7
D:6:      layout_cave_pools, nicolae_ru_the_path_less_chosen, st_stairs_6,
          nrook_pool_corridor, hangedman_decor_lopped
D:7:      layout_cave_pools, mainiacjoe_overflow_24_doors, serial_gnoll_camp,
          gnoll_camp_mini_house, gnoll_camp_huts_basic, gnoll_camp_medium_02,
          gnoll_camp_medium_01, uniq_maggie, uniq_prince_ribbit1
Temple:   regret_index_temple_generic_petals

Skill      XL: |  1  2  3  4  5  6  7  8 |
---------------+-------------------------+-----
Unarmed Combat | 1 2 3 4 5 7 9 10 | 10.9
Fighting       | |  1.6
Ranged Weapons | |  2.7
Dodging        | |  1.5
Stealth        | |  0.3

Action                     |  1- 3 |  4- 6 |  7- 9 || total
---------------------------+-------+-------+-------++-------
  Melee: Unarmed           |   100 |   123 |    95 ||   318
         Punch             |       |     2 |     2 ||     4
   Fire: Shortbow          |    39 |    17 |    14 ||    70
  Evoke: Wand              |       |       |     2 ||     2
    Use: Scroll            |       |     2 |     4 ||     6
         Potion            |       |       |     1 ||     1
   Stab: Sleeping          |     3 |     3 |       ||     6
 Armour: Robe              |    44 |    58 |    43 ||   145
  Dodge: Dodged            |    38 |    49 |    50 ||   137

Table legend: (Time is in decaauts)
 A = Elapsed time spent in this place.
 B = Non-inter-level travel time spent in this place.
 C = Inter-level travel time spent in this place.
 D = Time resting spent in this place.
 E = Time spent auto-exploring this place.
 F = Levels seen in this place.
 G = Mean time per level.
                   A        B        C        D        E       F      G
               +--------+--------+--------+--------+--------+-----+--------+
         Total |   4229 |   3981 |    248 |     61 |   3000 |   8 |  528.6 |
       Dungeon |   3991 |   3792 |    199 |     61 |   2822 |   7 |  570.1 |
        Temple |    237 |    188 |     49 |      0 |    178 |   1 |  237.0 |
               +--------+--------+--------+--------+--------+-----+--------+

Top non-repeatable levels by time:
     D:5: 745 daAuts
     D:4: 702 daAuts
     D:3: 702 daAuts
     D:1: 603 daAuts
     D:6: 587 daAuts
     D:2: 541 daAuts
  Temple: 237 daAuts
     D:7: 109 daAuts
